 Dungeon Crawl Stone Soup version 0.19.5 (webtiles) character file.

3308 jeeger the Firebug (level 10, -1/68 HPs)
             Began as a Human Fire Elementalist on Mar 14, 2017.
             Was an Initiate of Vehumet.
             Slain by a hippogriff (4 damage)
             ... on level 6 of the Dungeon.
             The game lasted 01:00:48 (8898 turns).

jeeger the Firebug (Human Fire Elementalist)        Turns: 8898, Time: 01:00:48

Health: -1/68      AC:  3    Str:  9    XL:     10   Next: 21%
Magic:  10/19      EV: 13    Int: 18    God:    Vehumet [......]
Gold:   243        SH:  0    Dex: 14    Spells: 3 memorised, 15 levels left

rFire  . . .     SeeInvis .     C - +0 blowgun
rCold  . . .     Gourm    .     f - +0 robe
rNeg   + . .     Faith    .     (no shield)
rPois  .         Spirit   .     t - +0 helmet
rElec  .         Reflect  .     (no cloak)
rCorr  .         Harm     .     (no gloves)
MR     .....                    (no boots)
Stlth  +++.......               (no amulet)
                                w - ring of stealth
                                v - ring of positive energy

@: invisible
A: no striking features
a: Renounce Religion


You were on level 6 of the Dungeon.
You worshipped Vehumet.
Vehumet was noncommittal.
You were not hungry.

You visited 2 branches of the dungeon, and saw 8 of its levels.
You also visited: Sewer.

You collected 399 gold pieces.
You spent 156 gold pieces at shops.

Inventory:

Hand Weapons
 p - a +1 hunting sling
 s - a +0 blowgun
 C - a +0 blowgun (weapon)
 F - a +0 blowgun
Missiles
 j - 196 stones
 l - 39 poisoned needles (quivered)
 y - 15 sling bullets
 D - 3 curare-tipped needles
 K - 3 needles of confusion
Armour
 a - a +0 robe
 f - a +0 robe (worn)
 t - a +0 helmet (worn)
 O - a +0 robe
Jewellery
 v - a ring of positive energy (left hand)
 w - a ring of stealth (right hand)
Wands
 d - a wand of flame (4/48)
Scrolls
 h - 2 scrolls of enchant weapon
 i - 3 scrolls of remove curse
 q - 4 scrolls of identify
 x - a scroll of noise {unknown}
 z - a scroll of fog {unknown}
 B - a scroll of immolation {unknown}
 G - a scroll of recharging {unknown}
Potions
 e - 2 potions of might {unknown}
 g - a potion of lignification {unknown}
 k - 2 potions of ambrosia {unknown}
 m - 2 potions of magic {unknown}
 n - a potion of agility
 o - 4 potions of curing
 H - 2 potions of haste
Books
 b - a book of Flames

   Spells                             Type                      Level
   a - Flame Tongue                   Conjuration/Fire             1
   b - Throw Flame                    Conjuration/Fire             2
   c - Conjure Flame                  Conjuration/Fire             3
   d - Inner Flame                    Hexes/Fire                   3
   e - Sticky Flame                   Conjuration/Fire             4
   f - Fireball                       Conjuration/Fire             5
Comestibles
 c - 4 bread rations
 u - a meat ration
 A - a royal jelly
 N - 2 beef jerkies


   Skills:
 + Level 2.6 Fighting
 + Level 6.4(6.7) Slings
 + Level 2.8(5.0) Throwing
 + Level 3.1 Dodging
 + Level 3.8 Stealth
 + Level 6.0 Spellcasting
 + Level 5.9 Conjurations
 + Level 6.8 Fire Magic
 + Level 0.4 Evocations


You had 15 spell levels left.
You knew the following spells:

 Your Spells              Type           Power        Failure   Level  Hunger
a - Flame Tongue          Conj/Fire      ####.        1%          1    None
b - Throw Flame           Conj/Fire      ####..       1%          2    None
c - Conjure Flame         Conj/Fire      ####....     2%          3    ##.....


Dungeon Overview and Level Annotations

Branches:
Dungeon (7/15)             Temple (1/1) D:5

Altars:
Ashenzari
Dithmenos
Elyvilon
Fedhas
Gozag
Kikubaaqudgha
Makhleb
Nemelex Xobeh
Okawaru
Qazlal
Ru
Sif Muna
Trog
Uskayaw
Vehumet
Yredelemnul
Zin

Shops:
D:5 *   D:6 =   D:7 ?((%[

Annotations:
D:7 Joseph


Message History

Casting: Flame Tongue
Confirm with . or Enter, or press ? or * to list all spells.
Aiming: Conjure Flame
Press: ? - help, Dir - move target cursor, f/p - hippogriff
Aim: a hippogriff (severely wounded, poisoned)
Okay, then.
Casting: Conjure Flame
Confirm with . or Enter, or press ? or * to list all spells.
Aiming: Throw Flame
Press: ? - help, Shift-Dir - straight line, f/p - hippogriff
Aim: a hippogriff (severely wounded, poisoned)
The puff of flame hits the hippogriff.
The hippogriff is almost dead.
The hippogriff closely misses you. The hippogriff pecks you!
* * * LOW HITPOINT WARNING * * *
The hippogriff claws you!
* * * LOW HITPOINT WARNING * * *
You fade into invisibility!
The hippogriff looks more healthy.
The hippogriff bites you.
You die...

###########
#.........#
#.#######.## #######.#
##)..##
.....##.#####.#.#.##
###.......##.##.##.##
.......รท....###.###.#
###......#.....H@...#
#.####....###.###.#
#.# ##.##.##.##..# #.#
#.###.#.#.#.# #.# #.#
##....#.# ###)# ##.#
##.#.#.# ...<# #..#
#.#.#.# ##### #.##
#.#.#.# # #.# #.#.#.#


You could see a hippogriff.

Vanquished Creatures
  A hill giant (D:6)
  Prince Ribbit (D:6)
  Sigmund (D:6)
  A hornet zombie (D:7)
  A sky beast (D:5)
  An orc warrior (D:6)
  5 ogres
  2 phantoms
  A centaur (D:5)
  7 big kobolds (Sewer)
  Blork the orc (D:6)
  2 scorpions
  3 howler monkeys
  A crimson imp (D:5)
  An orc priest (D:5)
  3 hounds
  2 bullfrog skeletons
  2 iguanas
  4 worker ants
  2 hound skeletons (D:4)
  Robin (D:4)
  14 adders
  3 river rats
  2 shadow imps (D:6)
  5 oozes
  An adder skeleton (D:4)
  4 worms
  3 dart slugs
  5 leopard geckos
  12 orcs
  10 bats
  2 giant cockroaches
  23 goblins
  7 hobgoblins
  25 jackals
  5 quokkas
  3 ball pythons
  4 frilled lizards
  A jackal skeleton (D:4)
  18 kobolds
  12 rats
202 creatures vanquished.

Vanquished Creatures (others)
  An orc wizard (D:5)
1 creature vanquished.

Grand Total: 203 creatures vanquished

Notes
Turn   | Place    | Note
-------+----------+-------------------------------------------
     0 | D:1      | jeeger the Human Fire Elementalist began the quest for the Orb.
     0 | D:1      | Reached XP level 1. HP: 13/13 MP: 3/3
   118 | D:1      | Reached XP level 2. HP: 19/19 MP: 3/5
   402 | D:1      | Reached XP level 3. HP: 24/24 MP: 0/6
   462 | D:1      | Learned a level 2 spell: Throw Flame
  1100 | D:2      | Reached XP level 4. HP: 30/30 MP: 2/7
  1604 | D:2      | Reached skill level 1 in Slings
  1604 | D:2      | Reached XP level 5. HP: 34/35 MP: 3/9
  2631 | D:4      | Reached XP level 6. HP: 37/41 MP: 1/10
  2763 | D:4      | Found a glowing drain.
  3045 | Sewer    | Entered a sewer
  3407 | Sewer    | Reached skill level 1 in Fighting
  3542 | Sewer    | Reached XP level 7. HP: 45/48 MP: 5/11
  3910 | Sewer    | Reached XP level 8. HP: 44/55 MP: 5/13
  4220 | D:4      | Reached skill level 5 in Fire Magic
  4520 | D:4      | Found an opulent altar of Gozag.
  4802 | D:4      | Noticed Robin
  4857 | D:4      | Killed Robin
  5034 | D:5      | Entered Level 5 of the Dungeon
  5041 | D:5      | Found a staircase to the Ecumenical Temple.
  5070 | D:5      | Found a bloodstained altar of Trog.
  5242 | Temple   | Entered the Ecumenical Temple
  5377 | Temple   | Became a worshipper of Vehumet
  5536 | D:5      | Reached skill level 5 in Slings
  5541 | D:5      | Found Milaaf's General Store.
  5590 | D:5      | Reached XP level 9. HP: 22/61 MP: 4/16
  6170 | D:5      | Bought a potion of curing for 36 gold pieces
  6170 | D:5      | Bought a potion of haste for 120 gold pieces
  6240 | D:5      | Learned a level 3 spell: Conjure Flame
  6632 | D:5      | Reached skill level 5 in Spellcasting
  6939 | D:6      | Found Uzxo's Jewellery Shop.
  6942 | D:6      | Noticed Sigmund
  6970 | D:6      | Killed Sigmund
  7037 | D:6      | Noticed Blork the orc
  7102 | D:6      | Killed Blork the orc
  7123 | D:6      | Noticed Prince Ribbit
  7147 | D:6      | Killed Prince Ribbit
  7147 | D:6      | Reached skill level 5 in Conjurations
  7208 | D:6      | Reached skill level 1 in Throwing
  7532 | D:6      | Noticed a hill giant
  7595 | D:6      | Killed a hill giant
  7595 | D:6      | Reached XP level 10. HP: 35/68 MP: 2/18
  7873 | D:6      | Found an opulent altar of Gozag.
  7928 | D:7      | Found Rouget's Antique Weapon Shoppe.
  7937 | D:7      | Found Abrur's Magic Scroll Shop.
  8257 | D:7      | Found a deep blue altar of Sif Muna.
  8259 | D:7      | Found a basalt altar of Yredelemnul.
  8260 | D:7      | Found a glowing silver altar of Zin.
  8316 | D:7      | Noticed Joseph
  8318 | D:7      | Found Foad Sauca's Antique Weapon Boutique.
  8318 | D:7      | Found Etaos's Food Emporium.
  8528 | D:6      | Reached * piety under Vehumet
  8528 | D:6      | Offered knowledge of Shock by Vehumet.
  8744 | D:7      | Found Guxeirph's Antique Armour Emporium.
  8897 | D:6      | HP: 3/68 [hippogriff (8)]
  8898 | D:6      | Slain by a hippogriff

Skill      XL: |  1  2  3  4  5  6  7  8  9 10 |
---------------+-------------------------------+-----
Fire Magic     | 4 5 6 |  6.8
Conjurations   | 2 3 4 5 |  5.9
Slings         | 1 2 3 4 5 6 |  6.4
Spellcasting   | 3 4 5 6 |  6.0
Fighting       | 1 2 |  2.6
Stealth        | 3 |  3.8
Dodging        | 3 |  3.1
Throwing       | 2 |  2.8
Evocations     | |  0.4

Action                   |  1- 3 |  4- 6 |  7- 9 | 10-12 || total
-------------------------+-------+-------+-------+-------++-------
Melee: Unarmed           |     2 |       |       |       ||     2
 Fire: Hunting sling     |     7 |   106 |   116 |       ||   229
       Blowgun           |       |       |    18 |    25 ||    43
Throw: Stone             |     4 |       |       |       ||     4
 Cast: Flame Tongue      |    31 |    79 |   152 |    42 ||   304
       Throw Flame       |     5 |    22 |    69 |    18 ||   114
       Conjure Flame     |       |       |    12 |     4 ||    16
Evoke: Wand              |       |       |       |     2 ||     2
  Use: Scroll            |       |       |     6 |     3 ||     9
       Potion            |       |       |     1 |     4 ||     5
  Eat: Chunk             |     1 |     7 |     9 |       ||    17
       Bread ration      |       |     1 |       |       ||     1
       Pizza             |       |       |     1 |       ||     1
       Beef jerky        |       |       |     1 |       ||     1
       Meat ration       |       |       |       |     1 ||     1
Armor: Robe              |     2 |    20 |    16 |     1 ||    39
Dodge: Dodged            |     5 |    74 |    81 |    24 ||   184
